 Dungeon Crawl Stone Soup version 0.29.1-13-g9f3cf754e1 (webtiles) character file.

Game seed: 1335915230470143920

1 ChrisAssaf the Stinger (level 1, 13/13 HPs)
             Began as a Human Venom Mage on Jan 20, 2023.
             Was a Believer of Lugonu.
             Quit the game on level 1 of the Dungeon.
             The game lasted 00:00:44 (172 turns).

ChrisAssaf the Stinger (Human Venom Mage)            Turns: 172, Time: 00:00:44

Health: 13/13      AC:  2    Str:  8    XL:     1   Next: 22%
Magic:  3/3        EV: 12    Int: 15    God:    Lugonu [**....]
Gold:   16         SH:  0    Dex: 13    Spells: 3/4 levels left

rFire   . . .      SeeInvis .   (no weapon)
rCold   . . .      Faith    .   (no shield)
rNeg    . . .      Spirit   .   a - +0 robe
rPois   .          Reflect  .   (no helmet)
rElec   .          Harm     .   (no cloak)
rCorr   .          Rampage  .   (no gloves)
Will    .....                   (no boots)
Stlth   ++........              (no amulet)
HPRegen 0.04/turn               (no ring)
MPRegen 0.08/turn               (no ring)

@: no status effects
A: no striking features
a: Renounce Religion, Depart the Abyss, Bend Space


You were on level 1 of the Dungeon.
You worshipped Lugonu.
Lugonu was pleased with you.
You visited 1 branch of the dungeon, and saw 1 of its levels.

You collected 16 gold pieces.

Inventory:

Missiles
 d - a throwing net
Armour
 a - a +0 robe (worn)
Potions
 b - a potion of magic
 c - a potion of heal wounds {unknown}


   Skills:
 * Level 2.0 Dodging
 * Level 2.0 Stealth
 * Level 2.0 Spellcasting
 * Level 1.0 Transmutations
 * Level 3.0 Poison Magic


You had 3 spell levels left.
You knew the following spells:

 Your Spells              Type           Power      Damage    Failure   Level
a - Sting                 Tmut/Pois      28%        1d4       10%         1

Your spell library contained the following spells:

 Spells                   Type           Power      Damage    Failure   Level
 Poisonous Vapours        Pois/Air       12%        N/A       19%         2
 Mephitic Cloud           Conj/Pois/Air  4%         N/A       41%         3
 Olgreb's Toxic Radiance  Pois           10%        N/A       54%         4


Dungeon Overview and Level Annotations

Branches:
Dungeon (1/15)

Altars:
Lugonu


Message History

d - a throwing net
Found 9 stones.
Found 4 stones.
Found a club.
You open the door.
A goblin comes into view. It is wielding a +0 club.
Found a scroll labelled SUNGUA AGOUPH.
Found a faded altar of an unknown god.
Casting: Sting (safe; 10% risk of failure)
Confirm with . or Enter, or press ? or * to list all spells.
Aiming: Sting (safe; 10% risk of failure)
Press: ? - help, Shift-Dir - straight line, f - goblin
Aim: a goblin, wielding a +0 club (asleep, 100% to hit)
The sting hits the goblin.
The goblin is poisoned.
The goblin is severely wounded.
The goblin shouts!
You kill the goblin!
There is an open door here.
e - a scroll labelled SUNGUA AGOUPH
Things that are here:
a +0 club; a goblin corpse
There is a faded altar of an unknown god here.
Things that are here:
a +0 club; a goblin corpse
There is an open door here.
Things that are here:
a +0 club; a goblin corpse
Okay, then.
As you read the scroll labelled SUNGUA AGOUPH, it crumbles to dust.
The air around you briefly surges with heat, but it dissipates.
It was a scroll of immolation.
There is a faded altar of an unknown god here.
You cannot tell which god this altar belongs to.
Convert to them anyway?
Lugonu accepts your prayer! Lugonu welcomes you!
You can now depart the Abyss.
You can now bend space around yourself.
Things that are here:
a +0 club; a goblin corpse
There is an open door here.
You see here a +0 club.
Are you sure you want to abandon this character and quit the game? (Confirm with "yes".)

#.....#### #.#
#.8.8.# #.#
#.#'#.# #.#
...#)#... #.#
#.###.###.####.#
#.#8...8#......#
# #.._..#..###.#
#8...8# # #.#
###.### #@# #.#
#.# #+# #.# ..#
... ####


There were no monsters in sight!

Vanquished Creatures
  A goblin (D:1)
1 creature vanquished.

Notes
Turn   | Place    | Note
-------+----------+-------------------------------------------
     0 | D:1      | ChrisAssaf the Human Venom Mage began the quest for the
                  | Orb.
     0 | D:1      | Reached XP level 1. HP: 13/13 MP: 3/3
   121 | D:1      | Found a faded altar of an unknown god.
   144 | D:1      | Prayed at the altar of an unknown god.
   144 | D:1      | Became a worshipper of Lugonu the Unformed
   144 | D:1      | Reached * piety under Lugonu
   144 | D:1      | Reached ** piety under Lugonu
   172 | D:1      | Quit the game

Illustrated notes

Levels and vault maps discovered:
D:1:      dpeg_arrival_lava_temple_mockup, layout_loops_ring, serial_shops,
          shop, dreamdust_ecumenical_altar_angels_and_demons,
          minmay_misc_feat_columns

Action                   || total
-------------------------++-------
 Cast: Sting             ||     1
  Use: Scroll            ||     1
